 Dungeon Crawl Stone Soup version 0.28.0-45-g0d030f2227 (webtiles) character file.

Game seed: 17274052065668330638

2 ImHallYall the Skirmisher (level 1, 0/19 HPs)
             Began as a Ghoul Fighter on Apr 7, 2022.
             Slain by a quokka (3 damage)
             ... on level 1 of the Dungeon.
             The game lasted 00:00:16 (98 turns).

ImHallYall the Skirmisher (Ghoul Fighter)             Turns: 98, Time: 00:00:18

Health: 0/19       AC:  6    Str: 19    XL:     1   Next: 40%
Magic:  0/0        EV:  9    Int:  3    God:
Gold:   8          SH:  4    Dex:  8    Spells: 0/0 levels left

rFire   . . .      SeeInvis .   a - +0 long sword
rCold   + . .      Faith    .   c - +0 buckler
rNeg    + + +      Spirit   .   b - +0 scale mail
rPois   ∞          Reflect  .   (no helmet)
rElec   .          Harm     .   (no cloak)
rCorr   .          Rampage  .   (no gloves)
Will    .....                   (no boots)
Stlth   ..........              (no amulet)
HPRegen 0.00/turn               (no ring)
MPRegen 0.07/turn               (no ring)

@: inhibited regen
A: claws 1, cold resistance 1, negative energy resistance 3, inhibited
regeneration, torment resistance 2
a: no special abilities


You were on level 1 of the Dungeon.
You visited 1 branch of the dungeon, and saw 1 of its levels.

You collected 8 gold pieces.

Inventory:

Hand Weapons
 a - a +0 long sword (weapon)
Armour
 b - a +0 scale mail (worn)
 c - a +0 buckler (worn)
Potions
 d - a potion of might


   Skills:
 + Level 3.3 Fighting
 + Level 1.7 Long Blades
 + Level 2.7 Armour
 + Level 2.7 Shields


You couldn't memorise any spells.
You didn't know any spells.
Your spell library was empty.

Dungeon Overview and Level Annotations

Branches:
Dungeon (1/15)

Altars:


Innate Abilities, Weirdness & Mutations

You thrive by killing the living.
You are immune to poison.
You have sharp fingernails.
Your flesh is cold resistant. (rC+)
You are immune to negative energy. (rN+++)
You do not regenerate when monsters are visible.
You are immune to unholy pain and torment.


Message History

A giant cockroach comes into view.
A kobold comes into view. It is wielding a +0 club.
The kobold shouts!
The kobold throws a stone.
The stone hits you but does no damage. The giant cockroach barely misses you.
There is a stone staircase leading down here.
You slash the giant cockroach!
You kill the giant cockroach!
The kobold throws a stone.
The stone hits you but does no damage.
A quokka comes into view. x2
You see here a giant cockroach corpse.
You hit the hobgoblin.
The hobgoblin is moderately wounded.
The hobgoblin hits you. The hobgoblin misses you.
You hit the hobgoblin but do no damage.
The hobgoblin is moderately wounded.
The hobgoblin barely misses you.
A goblin comes into view. It is wielding a +0 dagger.
You hit the hobgoblin but do no damage.
The hobgoblin is moderately wounded.
You block the quokka's attack. The hobgoblin barely misses you.
The quokka bites you but does no damage.
You closely miss the hobgoblin.
The hobgoblin is moderately wounded.
The hobgoblin hits you but does no damage. x2
You hit the hobgoblin but do no damage.
The hobgoblin is moderately wounded.
The quokka barely misses you. You block the quokka's attack.
The hobgoblin hits you. The quokka bites you.
You closely miss the hobgoblin.
The hobgoblin is moderately wounded.
The quokka bites you. x2; The hobgoblin barely misses you.
The quokka bites you but does no damage.
You hit the hobgoblin.
The hobgoblin is almost dead.
The quokka bites you but does no damage.
The hobgoblin hits you. The quokka bites you.
* * * LOW HITPOINT WARNING * * *
The quokka bites you.
You die...

....# #...# ...#
#..# #..# #Kg#
#gr###############
#@r...............
#.################
#.. ........##
#### ########...
........###
#######.### #.....
######


You could see 2 quokkas, a hobgoblin, a goblin and a kobold.

Vanquished Creatures
  An endoplasm (D:1)
  A giant cockroach (D:1)
2 creatures vanquished.

Notes
Turn   | Place    | Note
-------+----------+-------------------------------------------
     0 | D:1      | ImHallYall the Ghoul Fighter began the quest for the Orb.
     0 | D:1      | Reached XP level 1. HP: 19/19 MP: 0/0
    98 | D:1      | Slain by a quokka

Illustrated notes

Levels and vault maps discovered:
D:1:      shiori_arrival_maze, layout_basic

Action                   || total
-------------------------++-------
Melee: Long sword        ||     9
Armor: Scale mail        ||     7
Dodge: Dodged            ||     6
Block: Buckler           ||     2
